 Dungeon Crawl Stone Soup version 0.24.0-13-gcf9b3192b9 (webtiles) character file.

Game seed: 748052105102017707, levelgen mode: deterministic

118 Gumption the Poker (level 5, -1/41 HPs)
             Began as a Merfolk Gladiator on Nov 7, 2019.
             Slain by an ooze (3 damage)
             ... on level 2 of the Dungeon.
             The game lasted 00:16:31 (2364 turns).

Gumption the Poker (Merfolk Gladiator)              Turns: 2364, Time: 00:16:31

Health: -1/41      AC:  4    Str: 15    XL:     5   Next: 2%
Magic:  5/5        EV: 14    Int:  8    God:
Gold:   125        SH:  0    Dex: 15    Spells: 4/4 levels left

rFire    . . .     SeeInvis .   a - +0 trident
rCold    . . .     Gourm    .   (no shield)
rNeg     . . .     Faith    .   p - +0 leather armour
rPois    .         Spirit   .   c - +0 helmet
rElec    .         Reflect  .   (no cloak)
rCorr    .         Harm     .   (no gloves)
MR       .....                  (no boots)
Stlth    +.........             (no amulet)
HPRegen  0.13/turn              (no ring)
MPRegen  0.09/turn              (no ring)

@: no status effects
A: change form in water, swift swim, stealthy swim
a: no special abilities


You were on level 2 of the Dungeon.
You were not hungry.

You visited 1 branch of the dungeon, and saw 3 of its levels.

You collected 125 gold pieces.

Inventory:

Hand Weapons
 a - a +0 trident (weapon)
 b - a +0 hunting sling
 g - a +0 hunting sling
Missiles
 d - 3 throwing nets
 f - 81 stones (quivered)
Armour
 c - a +0 helmet (worn)
 p - a +0 leather armour (worn)
Jewellery
 k - an uncursed ring of magical power {unknown}
 q - a cursed -5 ring of dexterity {unknown}
Scrolls
 s - a scroll of blinking {unknown}
 v - a scroll of amnesia {unknown}
Potions
 h - a potion of haste
 i - 2 potions of resistance
 l - 2 potions of heal wounds
 n - a potion of curing {unknown}
 o - a potion of magic {unknown}
 r - a potion of cancellation {unknown}
 t - a potion of degeneration {unknown}
 u - a potion of flight {unknown}
Comestibles
 e - 8 rations
 j - 4 chunks of flesh


   Skills:
 + Level 3.3 Fighting
 * Level 6.4 Polearms
 - Level 2.0 Throwing
 + Level 5.0 Dodging


You had 4 spell levels left.
You didn't know any spells.
Your spell library was empty.

Dungeon Overview and Level Annotations

Branches:
Dungeon (3/15)

Altars:

Annotations:
D:1 exclusion: 2 downstairs
D:2 Sigmund


Message History

The jackal is severely wounded.
The jackal closely misses you. The ooze misses you.
You hit the jackal.
You kill the jackal!
The ooze closely misses you.
You closely miss the rat. The rat closely misses you.
You closely miss the rat. The rat bites you but does no damage.
Some of the chunks of flesh in your inventory have rotted away.
You puncture the rat!
You kill the rat!
You hit the ooze.
The ooze is heavily wounded.
The ooze hits you.
* * * LOW HITPOINT WARNING * * *
You barely miss the ooze.
The ooze is heavily wounded.
You hit the ooze.
The ooze is almost dead.
The ooze hits you.
You die...

####.###.........#.#
....## ##..........#
.###.###.##..##.>###
..###.#.###..##†.#
..# ##.####..##..#
..# #...........# ..#
######..###.# ..#
#..# #J# ### #..# #@#
# #..###.## #
#..##...##
###########......#.##
#.......>...........#
#.######.####.##.##.#
...# #.# #.##.##.#
...### #.# ##.#.#..#
.....###.# ##...#.#


You could see an ooze.

Vanquished Creatures
  4 gnolls (D:2)
  2 adders (D:2)
  2 oozes
  A worm (D:2)
  2 ball pythons
  9 bats
  2 giant cockroaches (D:2)
  5 goblins
  4 hobgoblins
  5 jackals
  4 kobolds
  2 quokkas (D:2)
  2 frilled lizards
  5 rats (D:2)
49 creatures vanquished.

Notes
Turn   | Place    | Note
-------+----------+-------------------------------------------
     0 | D:1      | Gumption the Merfolk Gladiator began the quest for the Orb.
     0 | D:1      | Reached XP level 1. HP: 16/16 MP: 1/1
   182 | D:1      | Reached XP level 2. HP: 23/23 MP: 2/2
   329 | D:1      | Reached skill level 5 in Polearms
   639 | D:1      | Reached XP level 3. HP: 28/28 MP: 3/3
   951 | D:2      | Noticed Sigmund
  1306 | D:2      | Reached XP level 4. HP: 29/35 MP: 4/4
  1806 | D:2      | Reached skill level 6 in Polearms
  2100 | D:2      | Reached skill level 5 in Dodging
  2327 | D:3      | Noticed a centaur
  2340 | D:3      | Reached XP level 5. HP: 4/41 MP: 5/5
  2348 | D:2      | HP: 2/41 [ooze (2)]
  2362 | D:2      | HP: 2/41 [ooze (2)]
  2364 | D:2      | Slain by an ooze

Levels and vault maps discovered:
D:1:      zaba_arrival_water, layout_basic, minmay_misc_feat_doors
D:2:      layout_loops_ring, uniq_sigmund
D:3:      layout_rooms

Skill      XL: |  1  2  3  4 |
---------------+-------------+-----
Polearms       | 5 6 |  6.4
Fighting       | 3 |  3.3
Dodging        | 5 |  5.0
Throwing       | |  2.0

Action                   |  1- 3 |  4- 6 || total
-------------------------+-------+-------++-------
Melee: Trident           |    88 |    93 ||   181
 Fire: Hunting sling     |       |    24 ||    24
Throw: Stone             |     6 |       ||     6
  Use: Scroll            |       |     3 ||     3
  Eat: Ration            |       |     1 ||     1
       Chunk             |       |     1 ||     1
Armor: Leather armour    |    30 |    17 ||    47
Dodge: Dodged            |    88 |    90 ||   178
